Senators vs Kings

Created - December 19, 2016 at 18:00

Goals
1 2 3 T
Senators 0 0 1 1
Kings 1 1 0 2
Shots
1 2 3 T
Senators 5 5 8 18
Kings 12 12 7 31

1st period

1. Kings , Scott Hartnell 14 (Mikael Granlund, Patrik Berglund) at 3:26

Penalties :
Matt Niskanen (LOS) for High sticking (Minor) at 4:20, Paul Gaustad (OTT) for Elbowing (Minor) at 14:14, Paul Gaustad (OTT) for Interference (Minor) at 19:46

2nd period

2. Kings , Victor Rask 11 (Jonathan Toews, Niklas Kronwall) at 14:40

Penalties :
Fedor Tyutin (LOS) for Hooking (Minor) at 2:08, Connor Murphy (OTT) for Hooking (Minor) at 11:37, Alexei Emelin (LOS) for Holding (Minor) at 15:41

3rd period

3. Senators , Mark Stone 23 (Michael Stone, Mika Zibanejad) at 9:20

Penalties :
Scott Hartnell (LOS) for Slashing (Minor) at 4:26, Patrik Berglund (LOS) for Hooking (Minor) at 10:20, J.T. Brown (LOS) for High sticking (Minor) at 14:50

Goalie Stats

Tuukka Rask (OTT), 29 saves from 31 shots - (0.935), L, 11-9-3, 59:44 minutes
Steve Mason (LOS), 17 saves from 18 shots - (0.944), W, 21-11-3, 60:00 minutes

Players Stats for Senators

Player Name              G  A  P  +/- PIM S  H  SB GA TA FO     MP     PP MP  PK MP  
------------------------------------------------------------------------------------
Alex Tanguay             0  0  0  -1  0   0  0  0  0  0  0/0    19:44   6:20   0:00 
Anton Lander             0  0  0  -1  0   1  0  0  0  0  8/15    7:40   0:00   3:22 
Connor Murphy            0  0  0   0  2   0  2  2  0  0  0/0    17:18   0:00   1:37 
Drew Doughty             0  0  0   0  0   3  0  3  0  0  0/0    24:47   5:29   3:15 
Drew Miller              0  0  0   0  0   0  0  0  0  0  2/5    13:27   0:00   4:25 
Jared Cowen              0  0  0  -1  0   2  0  0  0  0  0/0    12:30   6:25   3:15 
Jason Garrison           0  0  0   0  0   0  0  1  0  0  0/0    19:53   5:29   0:00 
Lauri Korpikoski         0  0  0  -1  0   2  0  1  0  0  0/1    16:12   0:00   2:52 
Luke Schenn              0  0  0  -1  0   0  2  1  0  0  0/0    11:42   0:00   0:00 
Marc Methot              0  0  0   0  0   0  0  2  0  0  0/0    11:34   0:00   2:42 
Mark Stone               1  0  1   1  0   4  0  0  0  0  0/5    20:59   5:34   0:00 
Michael Stone            0  1  1   0  0   0  3  1  0  0  0/0    22:15   6:25   1:05 
Mika Zibanejad           0  1  1   1  0   2  2  1  0  0  8/24   21:41   6:20   0:17 
Mike Hoffman             0  0  0  -1  0   0  0  0  0  0  0/3    20:05   6:20   0:00 
Patrick Marleau          0  0  0   1  0   2  1  0  0  0  0/3    20:38   5:34   0:00 
Paul Gaustad             0  0  0   0  4   0  3  0  0  0  10/16   9:58   0:00   0:58 
Steve Bernier            0  0  0  -1  0   1  0  0  0  0  0/1     4:18   0:00   0:00 
Tyler Seguin             0  0  0  -1  0   1  2  0  0  0  10/16  19:19   5:34   0:00 

Players Stats for Kings

Player Name              G  A  P  +/- PIM S  H  SB GA TA FO     MP     PP MP  PK MP  
------------------------------------------------------------------------------------
Alexei Emelin            0  0  0   0  2   0  2  0  0  0  0/0    17:04   0:00   4:29 
Chris Kunitz             0  0  0   0  0   0  0  0  0  0  2/2    14:02   2:18   1:34 
Colton Sceviour          0  0  0   0  0   1  0  0  0  0  0/1    10:38   0:00   0:28 
Dan Hamhuis              0  0  0   1  0   2  1  0  0  0  0/0    25:34   2:19   6:40 
Daniel Sedin             0  0  0   1  0   4  0  1  0  0  8/13   25:30   3:39   6:01 
Derek MacKenzie          0  0  0  -1  0   1  1  0  0  0  9/17   13:02   3:39   5:25 
Evgeny Medvedev          0  0  0   0  0   1  0  1  0  0  0/0    14:26   0:00   1:28 
Fedor Tyutin             0  0  0   0  2   0  2  0  0  0  0/0    12:57   0:00   0:00 
J.T. Brown               0  0  0   0  2   2  1  0  0  0  1/6    10:09   0:00   0:00 
Jonathan Toews           0  1  1   1  0   1  4  0  0  0  18/25  19:29   3:39   0:00 
Matt Niskanen            0  0  0   0  2   2  1  2  0  0  0/0    23:00   3:38   4:52 
Mikael Granlund          0  1  1   1  0   3  0  0  0  0  12/21  21:31   2:18   7:02 
Nikita Soshnikov         0  0  0  -1  0   1  0  0  0  0  0/0     3:58   0:00   0:00 
Niklas Kronwall          0  1  1   1  0   1  2  0  0  0  0/0    24:37   3:38   6:19 
Oscar Lindberg           0  0  0  -1  0   2  1  0  0  0  0/0     3:58   0:00   0:00 
Patrik Berglund          0  1  1   1  2   2  0  0  0  0  0/0    17:46   2:18   3:18 
Scott Hartnell           1  0  1   1  2   5  1  0  0  0  0/2    12:10   0:00   0:00 
Victor Rask              1  0  1   1  0   3  0  0  0  0  1/2    18:09   2:19   0:00 

3 Stars

1 - Steve Mason (LOS)
2 - Jonathan Toews (LOS)
3 - Victor Rask (LOS)

Power Play

Senators - 0 on 6 Attempt(s) - 0.00%
Kings - 0 on 3 Attempt(s) - 0.00%

Penalty Kill

Senators - 3 on 3 Attempt(s) - 100.00% - Score 0 goal in Penalty Kill
Kings - 6 on 6 Attempt(s) - 100.00% - Score 0 goal in Penalty Kill

Team Stat

Senators - Hits : 15 - Faceoff Wins : 38 - Blocked Shots : 12 - Penalty Minutes : 6
Kings - Hits : 16 - Faceoff Wins : 51 - Blocked Shots : 4 - Penalty Minutes : 12

Official

Referees : Evgeny Romasko and Frederick L'Ecuyer
Linesman : Scott Cherrey and Lonnie Cameron

Game Notes

No Game Note

Finance

Level 1 -- Attendance: 5996 (92.25%) -- Ticket Income $431,712
Level 2 -- Attendance: 4854 (97.08%) -- Ticket Income $300,948
Level 3 -- Attendance: 3500 (100.00%) -- Ticket Income $154,000
Level 4 -- Attendance: 2118 (100.00%) -- Ticket Income $86,838
Luxury Box -- Attendance: 921 (92.10%) -- Ticket Income $170,385
Game was played at the Staples Center.
Total Attendance: 17389 (95.98%)
Total Ticket Income: $1,143,883
Other Income: $171,582
Total Income: $1,315,465

% Time on Ice - Senators

Lines # - Real PCT - Wanted PCT - Time Play
Normal Forward
1 - 36% - 36% - 15:04
2 - 32% - 34% - 13:24
3 - 22% - 20% - 9:02
4 - 10% - 10% - 4:18
Normal Defense
1 - 38% - 36% - 15:42
2 - 34% - 34% - 14:24
3 - 21% - 20% - 8:52
4 - 7% - 10% - 2:50
PP Forward
1 - 47% - 50% - 5:34
2 - 53% - 50% - 6:20
PP Defense
1 - 46% - 50% - 5:29
2 - 54% - 50% - 6:25
PK Forward
1 - 52% - 50% - 3:05
2 - 48% - 50% - 2:52
PK Defense
1 - 45% - 50% - 2:42
2 - 55% - 50% - 3:15
PK3 Forward
1 - 0% - 50%
2 - 0% - 50%
PK3 Defense
1 - 0% - 50%
2 - 0% - 50%
44 Forward
1 - 0% - 52%
2 - 0% - 48%
44 Defense
1 - 0% - 52%
2 - 0% - 48%
Last Minute Offensive  - 0:21
Last Minute Defensive  - 0:00
Total
Forward - 60:00
Defense - 60:00

% Time on Ice - Kings

Lines # - Real PCT - Wanted PCT - Time Play
Normal Forward
1 - 38% - 40% - 15:50
2 - 29% - 30% - 12:11
3 - 24% - 20% - 10:10
4 - 9% - 10% - 3:58
Normal Defense
1 - 34% - 40% - 14:32
2 - 30% - 30% - 12:36
3 - 31% - 20% - 12:58
4 - 5% - 10% - 2:03
PP Forward
1 - 61% - 60% - 3:39
2 - 39% - 40% - 2:18
PP Defense
1 - 61% - 60% - 3:38
2 - 39% - 40% - 2:19
PK Forward
1 - 63% - 60% - 7:29
2 - 37% - 40% - 4:25
PK Defense
1 - 55% - 60% - 6:36
2 - 45% - 40% - 5:18
PK3 Forward
1 - 0% - 60%
2 - 0% - 40%
PK3 Defense
1 - 0% - 60%
2 - 0% - 40%
44 Forward
1 - 0% - 60%
2 - 0% - 40%
44 Defense
1 - 0% - 60%
2 - 0% - 40%
Last Minute Offensive  - 0:00
Last Minute Defensive  - 0:00
Total
Forward - 60:00
Defense - 60:00

Play by Play

1st period


0:01 of 1st period - Mika Zibanejad wins face-off versus Jonathan Toews in neutral zone.
0:22 of 1st period - Shot by Mika Zibanejad.
0:22 of 1st period - Stopped by Steve Mason without a rebound.
0:23 of 1st period - Tyler Seguin wins face-off versus Scott Hartnell in Kings zone.
0:33 of 1st period - Scott Hartnell is hit by Tyler Seguin and loses puck.
1:24 of 1st period - Icing by Evgeny Medvedev.
1:25 of 1st period - Paul Gaustad wins face-off versus J.T. Brown in Kings zone.
1:32 of 1st period - Colton Sceviour is hit by Paul Gaustad and loses puck.
1:57 of 1st period - Shot by Colton Sceviour.
1:57 of 1st period - Stopped by Tuukka Rask without a rebound.
1:58 of 1st period - Jonathan Toews wins face-off versus Mark Stone in Senators zone.
2:09 of 1st period - Shot by Daniel Sedin.
2:09 of 1st period - Shot Blocked by Connor Murphy.
2:21 of 1st period - Shot by Victor Rask.
2:21 of 1st period - Shot Misses the Net.
2:35 of 1st period - Jonathan Toews is hit by Connor Murphy and loses puck.
2:52 of 1st period - Shot by Nikita Soshnikov.
2:52 of 1st period - Shot Misses the Net.
3:06 of 1st period - Shot by Derek MacKenzie.
3:06 of 1st period - Stopped by Tuukka Rask without a rebound.
3:07 of 1st period - Anton Lander wins face-off versus Mikael Granlund in Senators zone.
3:24 of 1st period - Shot by Scott Hartnell.
3:24 of 1st period - Shot Blocked by Lauri Korpikoski.
3:26 of 1st period - Shot by Scott Hartnell.
3:26 of 1st period - Goal by Scott Hartnell - Senators : 0 - Kings : 1.
3:27 of 1st period - Tyler Seguin wins face-off versus Derek MacKenzie in neutral zone.
3:32 of 1st period - Shot by Tyler Seguin.
3:32 of 1st period - Shot Blocked by Matt Niskanen.
3:49 of 1st period - Off-side.
3:50 of 1st period - Paul Gaustad wins face-off versus Jonathan Toews in neutral zone.
4:01 of 1st period - Shot by Victor Rask.
4:01 of 1st period - Stopped by Tuukka Rask without a rebound.
4:02 of 1st period - Mikael Granlund wins face-off versus Tyler Seguin in Senators zone.
4:09 of 1st period - Shot by Patrik Berglund.
4:09 of 1st period - Stopped by Tuukka Rask without a rebound.
4:10 of 1st period - Jonathan Toews wins face-off versus Anton Lander in Senators zone.
4:20 of 1st period - Minor Penalty to Matt Niskanen for High sticking.
4:21 of 1st period - Tyler Seguin wins face-off versus Daniel Sedin in Kings zone.
4:36 of 1st period - Shot by Patrick Marleau.
4:36 of 1st period - Shot Misses the Net.
5:06 of 1st period - Shot by Drew Doughty.
5:06 of 1st period - Shot Misses the Net.
5:34 of 1st period - Shot by Mika Zibanejad.
5:34 of 1st period - Shot Blocked by Evgeny Medvedev.
6:36 of 1st period - Icing by Colton Sceviour.
6:37 of 1st period - Anton Lander wins face-off versus Colton Sceviour in Kings zone.
6:50 of 1st period - Shot by Anton Lander.
6:50 of 1st period - Stopped by Steve Mason with a rebound.
6:59 of 1st period - Off-side.
7:00 of 1st period - Jonathan Toews wins face-off versus Tyler Seguin in neutral zone.
7:08 of 1st period - Shot by Victor Rask.
7:08 of 1st period - Shot Misses the Net.
7:10 of 1st period - Shot by Matt Niskanen.
7:10 of 1st period - Stopped by Tuukka Rask without a rebound.
7:11 of 1st period - Mikael Granlund wins face-off versus Mark Stone in Senators zone.
7:14 of 1st period - Shot by Patrik Berglund.
7:14 of 1st period - Shot Blocked by Mika Zibanejad.
7:40 of 1st period - Off-side.
7:41 of 1st period - Tyler Seguin wins face-off versus Jonathan Toews in neutral zone.
8:07 of 1st period - Icing by Connor Murphy.
8:08 of 1st period - Tyler Seguin wins face-off versus Scott Hartnell in Senators zone.
8:26 of 1st period - Shot by Alex Tanguay.
8:26 of 1st period - Shot Misses the Net.
8:28 of 1st period - Shot by Drew Doughty.
8:28 of 1st period - Stopped by Steve Mason without a rebound.
8:29 of 1st period - Jonathan Toews wins face-off versus Mika Zibanejad in Kings zone.
8:31 of 1st period - Icing by Daniel Sedin.
8:32 of 1st period - Jonathan Toews wins face-off versus Mark Stone in Kings zone.
8:32 of 1st period - Jonathan Toews is hit by Mika Zibanejad.
8:48 of 1st period - Shot by Mika Zibanejad.
8:48 of 1st period - Stopped by Steve Mason with a rebound.
9:02 of 1st period - Shot by Mark Stone.
9:02 of 1st period - Deflect By Mika Zibanejad.
9:02 of 1st period - Shot Misses the Net.
9:11 of 1st period - Off-side.
9:12 of 1st period - Paul Gaustad wins face-off versus Mikael Granlund in neutral zone.
10:02 of 1st period - Icing by Drew Miller.
10:03 of 1st period - Paul Gaustad wins face-off versus Jonathan Toews in Senators zone.
10:03 of 1st period - Paul Gaustad is hit by Jonathan Toews.
10:25 of 1st period - Alex Tanguay is hit by Alexei Emelin and loses puck.
10:31 of 1st period - Jason Garrison is hit by Alexei Emelin.
11:07 of 1st period - Off-side.
11:08 of 1st period - J.T. Brown wins face-off versus Patrick Marleau in neutral zone.
11:58 of 1st period - Icing by Marc Methot.
11:59 of 1st period - Mikael Granlund wins face-off versus Mika Zibanejad in Senators zone.
11:59 of 1st period - Evgeny Medvedev is hit by Luke Schenn and loses puck.
12:12 of 1st period - Shot by Scott Hartnell.
12:12 of 1st period - Stopped by Tuukka Rask without a rebound.
12:13 of 1st period - Tyler Seguin wins face-off versus Derek MacKenzie in Senators zone.
12:13 of 1st period - Tyler Seguin is hit by Oscar Lindberg.
12:22 of 1st period - Shot by Oscar Lindberg.
12:22 of 1st period - Stopped by Tuukka Rask without a rebound.
12:23 of 1st period - Jonathan Toews wins face-off versus Anton Lander in Senators zone.
12:26 of 1st period - Shot by Jonathan Toews.
12:26 of 1st period - Stopped by Tuukka Rask without a rebound.
12:27 of 1st period - Jonathan Toews wins face-off versus Tyler Seguin in Senators zone.
12:41 of 1st period - Alex Tanguay is hit by Dan Hamhuis.
13:11 of 1st period - Victor Rask is hit by Tyler Seguin and loses puck.
14:09 of 1st period - Icing by Evgeny Medvedev.
14:10 of 1st period - Paul Gaustad wins face-off versus Mikael Granlund in Kings zone.
14:10 of 1st period - Luke Schenn is hit by Fedor Tyutin and loses puck.
14:14 of 1st period - Minor Penalty to Paul Gaustad for Elbowing.
14:15 of 1st period - Anton Lander wins face-off versus Derek MacKenzie in Senators zone.
14:24 of 1st period - Shot by Niklas Kronwall.
14:24 of 1st period - Shot Misses the Net.
14:26 of 1st period - Shot by Matt Niskanen.
14:26 of 1st period - Shot Blocked by Drew Doughty.
14:28 of 1st period - Shot by Matt Niskanen.
14:28 of 1st period - Stopped by Tuukka Rask without a rebound.
14:29 of 1st period - Drew Miller wins face-off versus Mikael Granlund in Senators zone.
14:33 of 1st period - Off-side.
14:34 of 1st period - Derek MacKenzie wins face-off versus Drew Miller in neutral zone.
14:51 of 1st period - Lauri Korpikoski is hit by Derek MacKenzie and loses puck.
15:15 of 1st period - Icing by Niklas Kronwall.
15:16 of 1st period - Anton Lander wins face-off versus Derek MacKenzie in Kings zone.
15:20 of 1st period - Icing by Matt Niskanen.
15:21 of 1st period - Anton Lander wins face-off versus Derek MacKenzie in Kings zone.
17:53 of 1st period - Shot by Matt Niskanen.
17:53 of 1st period - Deflect By Scott Hartnell.
17:53 of 1st period - Stopped by Tuukka Rask with a rebound.
17:55 of 1st period - Shot by Dan Hamhuis.
17:55 of 1st period - Stopped by Tuukka Rask without a rebound.
17:56 of 1st period - Jonathan Toews wins face-off versus Steve Bernier in Senators zone.
18:18 of 1st period - Steve Bernier is hit by Niklas Kronwall and loses puck.
19:01 of 1st period - Shot by Mika Zibanejad.
19:01 of 1st period - Shot Misses the Net.
19:32 of 1st period - Shot by Mark Stone.
19:32 of 1st period - Stopped by Steve Mason with a rebound.
19:37 of 1st period - Off-side.
19:38 of 1st period - Paul Gaustad wins face-off versus Mikael Granlund in neutral zone.
19:46 of 1st period - Minor Penalty to Paul Gaustad for Interference.
19:47 of 1st period - Chris Kunitz wins face-off versus Anton Lander in Senators zone.
Goals for this period are 0 for Senators vs 1 for Kings.
Shots for this period are 5 for Senators vs 12 for Kings.

2nd period


0:01 of 2nd period - Derek MacKenzie wins face-off versus Drew Miller in neutral zone.
0:10 of 2nd period - Shot by Daniel Sedin.
0:10 of 2nd period - Stopped by Tuukka Rask without a rebound.
0:11 of 2nd period - Anton Lander wins face-off versus Mikael Granlund in Senators zone.
0:25 of 2nd period - Icing by Matt Niskanen.
0:26 of 2nd period - Drew Miller wins face-off versus Mikael Granlund in Kings zone.
0:36 of 2nd period - Off-side.
0:37 of 2nd period - Derek MacKenzie wins face-off versus Anton Lander in neutral zone.
0:42 of 2nd period - Shot by Victor Rask.
0:42 of 2nd period - Shot Blocked by Drew Doughty.
0:44 of 2nd period - Shot by Dan Hamhuis.
0:44 of 2nd period - Stopped by Tuukka Rask with a rebound.
0:58 of 2nd period - Shot by Daniel Sedin.
0:58 of 2nd period - Shot Misses the Net.
1:00 of 2nd period - Shot by Dan Hamhuis.
1:00 of 2nd period - Shot Blocked by Drew Doughty.
1:58 of 2nd period - Mike Hoffman is hit by J.T. Brown and loses puck.
2:02 of 2nd period - Michael Stone is hit by Fedor Tyutin and loses puck.
2:08 of 2nd period - Minor Penalty to Fedor Tyutin for Hooking.
2:09 of 2nd period - Tyler Seguin wins face-off versus Daniel Sedin in Kings zone.
2:34 of 2nd period - Shot by Tyler Seguin.
2:34 of 2nd period - Deflect By Patrick Marleau.
2:34 of 2nd period - Shot Blocked by Matt Niskanen.
2:36 of 2nd period - Shot by Mark Stone.
2:36 of 2nd period - Shot Misses the Net.
2:38 of 2nd period - Shot by Patrick Marleau.
2:38 of 2nd period - Stopped by Steve Mason with a rebound.
3:04 of 2nd period - Shot by Mika Zibanejad.
3:04 of 2nd period - Shot Misses the Net.
4:16 of 2nd period - Icing by Derek MacKenzie.
4:17 of 2nd period - Derek MacKenzie wins face-off versus Lauri Korpikoski in Kings zone.
4:43 of 2nd period - Shot by Oscar Lindberg.
4:43 of 2nd period - Shot Misses the Net.
4:49 of 2nd period - Shot by Nikita Soshnikov.
4:49 of 2nd period - Shot Blocked by Marc Methot.
4:51 of 2nd period - Shot by Oscar Lindberg.
4:51 of 2nd period - Stopped by Tuukka Rask without a rebound.
4:52 of 2nd period - Mika Zibanejad wins face-off versus J.T. Brown in Senators zone.
4:58 of 2nd period - Icing by Connor Murphy.
4:59 of 2nd period - Jonathan Toews wins face-off versus Mark Stone in Senators zone.
5:31 of 2nd period - Icing by Drew Doughty.
5:32 of 2nd period - Mikael Granlund wins face-off versus Mika Zibanejad in Senators zone.
5:43 of 2nd period - Shot by Mikael Granlund.
5:43 of 2nd period - Shot Misses the Net.
5:59 of 2nd period - Shot by Mikael Granlund.
5:59 of 2nd period - Shot Misses the Net.
6:07 of 2nd period - Shot by Scott Hartnell.
6:07 of 2nd period - Stopped by Tuukka Rask without a rebound.
6:08 of 2nd period - Jonathan Toews wins face-off versus Tyler Seguin in Senators zone.
6:44 of 2nd period - Victor Rask is hit by Michael Stone and loses puck.
6:53 of 2nd period - Shot by Victor Rask.
6:53 of 2nd period - Shot Misses the Net.
7:26 of 2nd period - Shot by Colton Sceviour.
7:26 of 2nd period - Shot Blocked by Luke Schenn.
7:28 of 2nd period - Shot by J.T. Brown.
7:28 of 2nd period - Shot Misses the Net.
8:38 of 2nd period - Shot by Mikael Granlund.
8:38 of 2nd period - Stopped by Tuukka Rask without a rebound.
8:39 of 2nd period - Mika Zibanejad wins face-off versus Jonathan Toews in Senators zone.
9:02 of 2nd period - Shot by Mika Zibanejad.
9:02 of 2nd period - Shot Misses the Net.
9:11 of 2nd period - Victor Rask is hit by Connor Murphy and loses puck.
10:31 of 2nd period - Shot by Lauri Korpikoski.
10:31 of 2nd period - Stopped by Steve Mason with a rebound.
10:33 of 2nd period - Shot by Lauri Korpikoski.
10:33 of 2nd period - Shot Misses the Net.
10:35 of 2nd period - Shot by Anton Lander.
10:35 of 2nd period - Deflect By Lauri Korpikoski.
10:35 of 2nd period - Stopped by Steve Mason without a rebound.
10:36 of 2nd period - Mikael Granlund wins face-off versus Paul Gaustad in Kings zone.
10:36 of 2nd period - Mikael Granlund is hit by Paul Gaustad.
10:45 of 2nd period - Off-side.
10:46 of 2nd period - Mika Zibanejad wins face-off versus J.T. Brown in neutral zone.
11:15 of 2nd period - Shot by Chris Kunitz.
11:15 of 2nd period - Shot Misses the Net.
11:34 of 2nd period - Icing by Drew Doughty.
11:35 of 2nd period - Jonathan Toews wins face-off versus Mika Zibanejad in Senators zone.
11:37 of 2nd period - Minor Penalty to Connor Murphy for Hooking.
11:38 of 2nd period - Paul Gaustad wins face-off versus Derek MacKenzie in Senators zone.
12:06 of 2nd period - Off-side.
12:07 of 2nd period - Paul Gaustad wins face-off versus Mikael Granlund in neutral zone.
12:24 of 2nd period - Shot by Victor Rask.
12:24 of 2nd period - Stopped by Tuukka Rask without a rebound.
12:25 of 2nd period - Derek MacKenzie wins face-off versus Paul Gaustad in Senators zone.
12:46 of 2nd period - Shot by Daniel Sedin.
12:46 of 2nd period - Stopped by Tuukka Rask without a rebound.
12:47 of 2nd period - Anton Lander wins face-off versus Mikael Granlund in Senators zone.
13:13 of 2nd period - Shot by Chris Kunitz.
13:13 of 2nd period - Deflect By Mikael Granlund.
13:13 of 2nd period - Shot Misses the Net.
13:15 of 2nd period - Shot by Chris Kunitz.
13:15 of 2nd period - Shot Misses the Net.
13:17 of 2nd period - Shot by Patrik Berglund.
13:17 of 2nd period - Deflect By Mikael Granlund.
13:17 of 2nd period - Stopped by Tuukka Rask without a rebound.
13:18 of 2nd period - Paul Gaustad wins face-off versus Derek MacKenzie in Senators zone.
13:33 of 2nd period - Shot by Daniel Sedin.
13:33 of 2nd period - Stopped by Tuukka Rask with a rebound.
13:35 of 2nd period - Shot by Matt Niskanen.
13:35 of 2nd period - Shot Misses the Net.
13:40 of 2nd period - Derek MacKenzie is hit by Michael Stone and loses puck.
14:07 of 2nd period - J.T. Brown is hit by Michael Stone.
14:40 of 2nd period - Shot by Victor Rask.
14:40 of 2nd period - Goal by Victor Rask - Senators : 0 - Kings : 2.
14:41 of 2nd period - Mikael Granlund wins face-off versus Mika Zibanejad in neutral zone.
14:43 of 2nd period - Off-side.
14:44 of 2nd period - Mika Zibanejad wins face-off versus Victor Rask in neutral zone.
14:51 of 2nd period - Shot by Mark Stone.
14:51 of 2nd period - Stopped by Steve Mason without a rebound.
14:52 of 2nd period - Mika Zibanejad wins face-off versus Jonathan Toews in Kings zone.
15:13 of 2nd period - Connor Murphy is hit by Niklas Kronwall and loses puck.
15:32 of 2nd period - Shot by Daniel Sedin.
15:32 of 2nd period - Stopped by Tuukka Rask without a rebound.
15:33 of 2nd period - Mikael Granlund wins face-off versus Paul Gaustad in Senators zone.
15:41 of 2nd period - Minor Penalty to Alexei Emelin for Holding.
15:42 of 2nd period - Daniel Sedin wins face-off versus Mika Zibanejad in Kings zone.
16:02 of 2nd period - Icing by Mike Hoffman.
16:03 of 2nd period - Daniel Sedin wins face-off versus Mika Zibanejad in Senators zone.
16:04 of 2nd period - Shot by Mikael Granlund.
16:04 of 2nd period - Shot Hit the Post.
17:29 of 2nd period - Shot by Patrick Marleau.
17:29 of 2nd period - Stopped by Steve Mason without a rebound.
17:30 of 2nd period - Daniel Sedin wins face-off versus Tyler Seguin in Kings zone.
17:38 of 2nd period - Off-side.
17:39 of 2nd period - Tyler Seguin wins face-off versus Daniel Sedin in neutral zone.
17:54 of 2nd period - Shot by Evgeny Medvedev.
17:54 of 2nd period - Stopped by Tuukka Rask without a rebound.
17:55 of 2nd period - Jonathan Toews wins face-off versus Anton Lander in Senators zone.
18:00 of 2nd period - Shot by Victor Rask.
18:00 of 2nd period - Shot Blocked by Connor Murphy.
18:59 of 2nd period - Icing by Drew Doughty.
19:00 of 2nd period - Anton Lander wins face-off versus J.T. Brown in Senators zone.
19:42 of 2nd period - Shot by J.T. Brown.
19:42 of 2nd period - Shot Misses the Net.
Goals for this period are 0 for Senators vs 1 for Kings.
Shots for this period are 5 for Senators vs 12 for Kings.

3rd period


0:01 of 3rd period - Jonathan Toews wins face-off versus Mika Zibanejad in neutral zone.
0:11 of 3rd period - Off-side.
0:12 of 3rd period - Mikael Granlund wins face-off versus Mike Hoffman in neutral zone.
0:45 of 3rd period - Shot by Mikael Granlund.
0:45 of 3rd period - Stopped by Tuukka Rask without a rebound.
0:46 of 3rd period - Mika Zibanejad wins face-off versus Jonathan Toews in Senators zone.
0:46 of 3rd period - Mika Zibanejad is hit by Jonathan Toews.
0:56 of 3rd period - Shot by Patrick Marleau.
0:56 of 3rd period - Shot Misses the Net.
1:49 of 3rd period - Shot by Mikael Granlund.
1:49 of 3rd period - Shot Blocked by Jason Garrison.
2:28 of 3rd period - Alex Tanguay is hit by Scott Hartnell and loses puck.
2:39 of 3rd period - Shot by Drew Doughty.
2:39 of 3rd period - Stopped by Steve Mason without a rebound.
2:40 of 3rd period - Chris Kunitz wins face-off versus Paul Gaustad in Kings zone.
3:21 of 3rd period - Shot by Colton Sceviour.
3:21 of 3rd period - Shot Misses the Net.
3:46 of 3rd period - Tyler Seguin is hit by Jonathan Toews and loses puck.
4:09 of 3rd period - Shot by Mike Hoffman.
4:09 of 3rd period - Shot Misses the Net.
4:12 of 3rd period - Icing by Niklas Kronwall.
4:13 of 3rd period - Jonathan Toews wins face-off versus Mika Zibanejad in Kings zone.
4:26 of 3rd period - Minor Penalty to Scott Hartnell for Slashing.
4:27 of 3rd period - Tyler Seguin wins face-off versus Daniel Sedin in Kings zone.
5:01 of 3rd period - Shot by Mark Stone.
5:01 of 3rd period - Shot Misses the Net.
5:19 of 3rd period - Shot by Drew Doughty.
5:19 of 3rd period - Stopped by Steve Mason without a rebound.
5:20 of 3rd period - Daniel Sedin wins face-off versus Mika Zibanejad in Kings zone.
5:20 of 3rd period - Daniel Sedin is hit by Mika Zibanejad.
6:14 of 3rd period - Shot by Jared Cowen.
6:14 of 3rd period - Stopped by Steve Mason without a rebound.
6:15 of 3rd period - Daniel Sedin wins face-off versus Tyler Seguin in Kings zone.
6:25 of 3rd period - Tyler Seguin is hit by Matt Niskanen and loses puck.
7:01 of 3rd period - Shot by Drew Miller.
7:01 of 3rd period - Shot Misses the Net.
7:12 of 3rd period - Off-side.
7:13 of 3rd period - Derek MacKenzie wins face-off versus Mika Zibanejad in neutral zone.
7:18 of 3rd period - Shot by Nikita Soshnikov.
7:18 of 3rd period - Stopped by Tuukka Rask without a rebound.
7:19 of 3rd period - Jonathan Toews wins face-off versus Mika Zibanejad in Senators zone.
7:23 of 3rd period - Icing by Connor Murphy.
7:24 of 3rd period - Jonathan Toews wins face-off versus Mika Zibanejad in Senators zone.
7:31 of 3rd period - Shot by Victor Rask.
7:31 of 3rd period - Deflect By Jonathan Toews.
7:31 of 3rd period - Shot Misses the Net.
7:44 of 3rd period - Icing by Drew Doughty.
7:45 of 3rd period - Mikael Granlund wins face-off versus Patrick Marleau in Senators zone.
8:43 of 3rd period - Icing by Jason Garrison.
8:44 of 3rd period - Jonathan Toews wins face-off versus Mike Hoffman in Senators zone.
8:47 of 3rd period - Shot by Daniel Sedin.
8:47 of 3rd period - Shot Misses the Net.
8:59 of 3rd period - Shot by Tyler Seguin.
8:59 of 3rd period - Stopped by Steve Mason without a rebound.
9:00 of 3rd period - Derek MacKenzie wins face-off versus Paul Gaustad in Kings zone.
9:02 of 3rd period - Icing by Evgeny Medvedev.
9:03 of 3rd period - Derek MacKenzie wins face-off versus Drew Miller in Kings zone.
9:03 of 3rd period - Derek MacKenzie is hit by Paul Gaustad.
9:16 of 3rd period - Icing by Evgeny Medvedev.
9:17 of 3rd period - Mika Zibanejad wins face-off versus Derek MacKenzie in Kings zone.
9:20 of 3rd period - Shot by Mark Stone.
9:20 of 3rd period - Goal by Mark Stone - Senators : 1 - Kings : 2.
9:21 of 3rd period - Victor Rask wins face-off versus Patrick Marleau in neutral zone.
9:24 of 3rd period - Jason Garrison is hit by Jonathan Toews and loses puck.
10:13 of 3rd period - Off-side.
10:14 of 3rd period - Mikael Granlund wins face-off versus Mike Hoffman in neutral zone.
10:20 of 3rd period - Minor Penalty to Patrik Berglund for Hooking.
10:21 of 3rd period - Daniel Sedin wins face-off versus Mika Zibanejad in Kings zone.
10:27 of 3rd period - Icing by Alex Tanguay.
10:28 of 3rd period - Daniel Sedin wins face-off versus Mika Zibanejad in Senators zone.
11:25 of 3rd period - Shot by Mark Stone.
11:25 of 3rd period - Stopped by Steve Mason without a rebound.
11:26 of 3rd period - Daniel Sedin wins face-off versus Mark Stone in Kings zone.
11:26 of 3rd period - Daniel Sedin is hit by Patrick Marleau.
12:48 of 3rd period - Off-side.
12:49 of 3rd period - Jonathan Toews wins face-off versus Anton Lander in neutral zone.
13:14 of 3rd period - Shot by Steve Bernier.
13:14 of 3rd period - Stopped by Steve Mason with a rebound.
13:34 of 3rd period - Shot by Tyler Seguin.
13:34 of 3rd period - Shot Blocked by Daniel Sedin.
13:36 of 3rd period - Shot by Jared Cowen.
13:36 of 3rd period - Stopped by Steve Mason with a rebound.
13:40 of 3rd period - Shot by Tyler Seguin.
13:40 of 3rd period - Shot Misses the Net.
14:10 of 3rd period - Shot by Tyler Seguin.
14:10 of 3rd period - Shot Misses the Net.
14:26 of 3rd period - Shot by Scott Hartnell.
14:26 of 3rd period - Shot Blocked by Michael Stone.
14:38 of 3rd period - Shot by Patrik Berglund.
14:38 of 3rd period - Stopped by Tuukka Rask without a rebound.
14:39 of 3rd period - Paul Gaustad wins face-off versus J.T. Brown in Senators zone.
14:50 of 3rd period - Minor Penalty to J.T. Brown for High sticking.
14:51 of 3rd period - Tyler Seguin wins face-off versus Daniel Sedin in Kings zone.
16:13 of 3rd period - Off-side.
16:14 of 3rd period - Derek MacKenzie wins face-off versus Mika Zibanejad in neutral zone.
17:22 of 3rd period - Shot by J.T. Brown.
17:22 of 3rd period - Stopped by Tuukka Rask with a rebound.
17:24 of 3rd period - Shot by J.T. Brown.
17:24 of 3rd period - Stopped by Tuukka Rask with a rebound.
17:26 of 3rd period - Shot by Fedor Tyutin.
17:26 of 3rd period - Shot Blocked by Marc Methot.
18:47 of 3rd period - Shot by Niklas Kronwall.
18:47 of 3rd period - Stopped by Tuukka Rask without a rebound.
18:48 of 3rd period - Mikael Granlund wins face-off versus Anton Lander in Senators zone.
18:51 of 3rd period - Shot by Scott Hartnell.
18:51 of 3rd period - Stopped by Tuukka Rask without a rebound.
18:52 of 3rd period - Mikael Granlund wins face-off versus Paul Gaustad in Senators zone.
18:56 of 3rd period - Mikael Granlund is hit by Luke Schenn and loses puck.
19:44 of 3rd period - Senators, Tuukka Rask is pulled from the net.
Goals for this period are 1 for Senators vs 0 for Kings.
Shots for this period are 8 for Senators vs 7 for Kings.